 Dungeon Crawl Stone Soup version 0.25.0-9-g26727b657a (webtiles) character file.

Game seed: 5162144449615813456

87 Chiseanne the Chucker (level 4, -1/34 HPs)
             Began as a Gnoll Wanderer on June 18, 2020.
             Slain by a hobgoblin
             ... wielding a +0 mace
              (4 damage)
             ... on level 3 of the Dungeon.
             The game lasted 00:05:58 (3450 turns).

Chiseanne the Chucker (Gnoll Wanderer)              Turns: 3450, Time: 00:05:58

Health: -1/34      AC:  3    Str: 13    XL:     4   Next: 51%
Magic:  5/5        EV: 11    Int: 16    God:
Gold:   113        SH:  4    Dex: 15    Spells: 4/5 levels left

rFire    . . .     SeeInvis .   a - +0 dagger
rCold    . . .     Gourm    .   e - +0 buckler
rNeg     . . .     Faith    .   c - +0 leather armour
rPois    .         Spirit   .   (no helmet)
rElec    .         Reflect  .   (no cloak)
rCorr    +         Harm     .   (no gloves)
MR       .....                  (no boots)
Stlth    ++........             (no amulet)
HPRegen  0.11/turn              l - ring of resist corrosion
MPRegen  0.09/turn              (no ring)

@: no status effects
A: distributed training, fangs 1, strong nose
a: no special abilities


You were on level 3 of the Dungeon.
You were not hungry.

You visited 1 branch of the dungeon, and saw 3 of its levels.

You collected 113 gold pieces.

Inventory:

Hand Weapons
 a - a +0 dagger (weapon)
 s - a +0 mace
Missiles
 g - 20 arrows
 k - 64 sling bullets
Armour
 c - a +0 leather armour (worn)
 e - a +0 buckler (worn)
 j - a +0 scale mail
Jewellery
 l - a ring of resist corrosion (left hand)
Scrolls
 d - 3 scrolls of identify
 n - a scroll of enchant weapon {unknown}
Potions
 h - a potion of curing
 m - a potion of heal wounds
 q - a potion of stabbing
Comestibles
 f - 2 rations


   Skills:
 + Level 2.7 Fighting
 + Level 4.6 Short Blades
 + Level 1.1 Long Blades
 + Level 1.1 Axes
 + Level 1.1 Maces & Flails
 + Level 1.1 Polearms
 + Level 1.1 Staves
 + Level 1.1 Slings
 + Level 1.1 Bows
 + Level 1.1 Crossbows
 + Level 4.6 Throwing
 + Level 1.1 Armour
 + Level 1.1 Dodging
 + Level 4.2 Stealth
 + Level 1.1 Shields
 + Level 1.1 Unarmed Combat
 + Level 1.1 Spellcasting
 + Level 2.2 Conjurations
 + Level 3.8 Hexes
 + Level 0.9 Charms
 + Level 0.9 Summonings
 + Level 0.9 Necromancy
 + Level 0.9 Translocations
 + Level 0.9 Transmutations
 + Level 0.9 Fire Magic
 + Level 0.9 Ice Magic
 + Level 0.9 Air Magic
 + Level 0.9 Earth Magic
 + Level 0.9 Poison Magic
 + Level 1.2 Invocations
 + Level 1.1 Evocations


You had 4 spell levels left.
You knew the following spells:

 Your Spells              Type           Power        Failure   Level  Hunger
a - Foxfire               Conj/Fire      #...         22%         1    ##.....

Your spell library contained the following spells:

 Spells                   Type           Power        Failure   Level  Hunger
 Corona                   Hex            ##.....      9%          1    ##.....
 Ensorcelled Hibernation  Hex/Ice        #.....       24%         2    ###....
 Confusing Touch          Hex            ##......     26%         3    ####...
 Tukima's Dance           Hex            ##......     26%         3    ####...
 Sting                    Tmut/Pois      #...         28%         1    ##.....
 Dazzling Flash           Conj/Hex       ##....       34%         3    ####...
 Poisonous Vapours        Pois/Air       #.....       41%         2    ###....
 Mephitic Cloud           Conj/Pois/Air  #.......     56%         3    ####...
 Ignite Poison            Fire/Tmut/Pois #.......     65%         3    ####...
 Olgreb's Toxic Radiance  Pois           #.......     96%         4    #####..


Dungeon Overview and Level Annotations

Branches:
Dungeon (3/15)

Altars:
Hepliaklqana


Innate Abilities, Weirdness & Mutations

Your experience applies equally to all skills.
You have very sharp teeth.
Your uncanny sense of smell can sniff out nearby items.


Message History

Aim: a worm (moderately wounded) Really fire
i - a throwing net {!*}? [Y]es or [N]o only, please.
Really fire
i - a throwing net {!*}?
You throw a throwing net {!*}. The throwing net {!*} hits the worm.
The worm is caught in the net!
The worm is moderately wounded.
The worm struggles against the net.
You hit the worm. You bite the worm, but do no damage.
The worm is heavily wounded.
You catch the helpless worm completely off-guard!
You impale the worm!!
You kill the worm!
The hobgoblin hits you with a +0 mace.
* * * LOW HITPOINT WARNING * * *
You see here a throwing net {!*}.
You hit the hobgoblin.
The hobgoblin is severely wounded.
The hobgoblin hits you with a +0 mace.
You die...

#... #. #... #.
#... #######.
####... ........
.......####
########
..........##. #
#####..##.##.# ###
#.. #g##.##
########.. #..
#@##... ..........
##. #.##..#
########.. #.
#.##..# ######..
.. #.##..#
#."!.... ##
#.##..## #.####..
#.##...####.####..
#.##..#.......<...
#.##.###....#####.
#...## ##.### #.


You could see a hobgoblin.

Vanquished Creatures
  An ooze (D:2)
  4 worms
  3 dart slugs
  4 leopard geckos
  2 giant cockroaches
  11 goblins
  11 hobgoblins
  8 kobolds
  2 ball pythons
  3 bats
  4 frilled lizards
  5 rats
58 creatures vanquished.

Notes
Turn   | Place    | Note
-------+----------+-------------------------------------------
     0 | D:1      | Chiseanne the Gnoll Wanderer began the quest for the Orb.
     0 | D:1      | Chiseanne set off with the following items: a +0 dagger, a
                  | +0 robe, a ration; and the following spells available to
                  | memorise: Corona, Foxfire, Confusing Touch, Tukima's Dance,
                  | Ensorcelled Hibernation, Sting, Dazzling Flash, Ignite
                  | Poison
     0 | D:1      | Reached XP level 1. HP: 17/17 MP: 1/1
   161 | D:1      | Reached XP level 2. HP: 16/23 MP: 2/2
   922 | D:1      | Reached XP level 3. HP: 28/28 MP: 3/3
  1674 | D:1      | Reached skill level 1 in Invocations
  1859 | D:2      | HP: 1/28 [goblin (4)]
  2214 | D:2      | Reached skill level 1 in Long Blades
  2214 | D:2      | Reached skill level 1 in Axes
  2214 | D:2      | Reached skill level 1 in Maces & Flails
  2214 | D:2      | Reached skill level 1 in Polearms
  2214 | D:2      | Reached skill level 1 in Staves
  2214 | D:2      | Reached skill level 1 in Slings
  2214 | D:2      | Reached skill level 1 in Bows
  2214 | D:2      | Reached skill level 1 in Crossbows
  2214 | D:2      | Reached skill level 1 in Armour
  2214 | D:2      | Reached skill level 1 in Dodging
  2214 | D:2      | Reached skill level 1 in Shields
  2214 | D:2      | Reached skill level 1 in Unarmed Combat
  2214 | D:2      | Reached skill level 1 in Spellcasting
  2214 | D:2      | Reached skill level 1 in Evocations
  2243 | D:2      | Reached XP level 4. HP: 6/34 MP: 5/5
  2660 | D:2      | Learned a level 1 spell: Foxfire
  3267 | D:3      | Found a hazy altar of Hepliaklqana.
  3450 | D:3      | Slain by a hobgoblin

Illustrated notes

Levels and vault maps discovered:
D:1:      dpeg_arrival_morbid_curiosity, layout_basic, minmay_quantized
D:2:      layout_basic, minmay_three_crescents
D:3:      layout_loops_ring, nicolae_overflow_crystal_walls

Skill      XL: |  1  2  3 |
---------------+----------+-----
Conjurations   | 2 |  2.2
Invocations    | 1 |  1.2
Long Blades    | 1 |  1.1
Axes           | 1 |  1.1
Maces & Flails | 1 |  1.1
Polearms       | 1 |  1.1
Staves         | 1 |  1.1
Slings         | 1 |  1.1
Bows           | 1 |  1.1
Crossbows      | 1 |  1.1
Armour         | 1 |  1.1
Dodging        | 1 |  1.1
Shields        | 1 |  1.1
Unarmed Combat | 1 |  1.1
Spellcasting   | 1 |  1.1
Evocations     | 1 |  1.1
Fighting       | |  2.7
Short Blades   | |  4.6
Throwing       | |  4.6
Stealth        | |  4.2
Hexes          | |  3.8
Charms         | |  0.9
Summonings     | |  0.9
Necromancy     | |  0.9
Translocations | |  0.9
Transmutations | |  0.9
Fire Magic     | |  0.9
Ice Magic      | |  0.9
Air Magic      | |  0.9
Earth Magic    | |  0.9
Poison Magic   | |  0.9

Action                   |  1- 3 |  4- 6 || total
-------------------------+-------+-------++-------
Melee: Dagger            |   165 |   102 ||   267
       Bite              |    13 |    14 ||    27
Throw: Throwing net      |     1 |     2 ||     3
  Use: Potion            |     2 |       ||     2
       Scroll            |       |     8 ||     8
 Stab: Sleeping          |    15 |     3 ||    18
       Held in net/web   |       |     2 ||     2
  Eat: Chunk             |     4 |     4 ||     8
Armor: Leather armour    |    15 |    17 ||    32
Dodge: Dodged            |    58 |    38 ||    96
Block: Buckler           |       |    11 ||    11
